 Dungeon Crawl Stone Soup version 0.29.0-10-g45618ea6d2 (webtiles) character file.

Game seed: 5940364891776113677

8 nickcage the Ruffian (level 2, 27/27 HPs)
             Began as a Troll Warper on Sept 1, 2022.
             Got out of the dungeon alive.
             The game lasted 00:00:43 (312 turns).

nickcage the Ruffian (Troll Warper)                  Turns: 312, Time: 00:00:43

Health: 27/27      AC:  4    Str: 18    XL:     2   Next: 0%
Magic:  2/2        EV:  9    Int:  9    God:
Gold:   14         SH:  0    Dex:  9    Spells: 3/3 levels left

rFire   . . .      SeeInvis .     - Unarmed
rCold   . . .      Faith    .   (no shield)
rNeg    . . .      Spirit   .   a - +0 robe
rPois   .          Reflect  .   (helmet restricted)
rElec   .          Harm     .   (no cloak)
rCorr   .          Rampage  .   (gloves unavailable)
Will    .....                   (boots unavailable)
Stlth   +.........              (no amulet)
HPRegen 0.89/turn               (no ring)
MPRegen 0.08/turn               (no ring)

@: no status effects
A: large, unfitting armour, claws 3, regeneration 1, shaggy fur 1, tough skin 1
a: no special abilities


You escaped.
You visited 1 branch of the dungeon, and saw 1 of its levels.

You collected 14 gold pieces.

Inventory:

Missiles
 c - 7 boomerangs of dispersal (quivered)
Armour
 a - a +0 robe (worn)
Scrolls
 b - a scroll of blinking
 e - a scroll of fear {unknown}
Potions
 d - a potion of mutation {unknown}
 f - a potion of might {unknown}


   Skills:
 - Level 1.5 Fighting
 - Level 0.8 Throwing
 - Level 1.9 Dodging
 + Level 2.7 Unarmed Combat
 - Level 1.2 Spellcasting
 - Level 2.1 Translocations


You had 3 spell levels left.
You didn't know any spells.
Your spell library contained the following spells:

 Spells                   Type           Power      Damage    Failure   Level
 Blink                    Tloc           8%         N/A       22%         2
 Gell's Gravitas          Tloc           4%         N/A       41%         3
 Lesser Beckoning         Tloc           4%         N/A       41%         3
 Teleport Other           Tloc           4%         N/A       41%         3
 Tukima's Dance           Hex            0%         N/A       73%         3
 Passage of Golubria      Tloc           4%         N/A       82%         4
 Manifold Assault         Tloc           4%         N/A       99%         5
 Yara's Violent Unravell  Hex/Tmut       0%         3d3       100%        5


Dungeon Overview and Level Annotations

Branches:
Dungeon (1/15)

Altars:


Innate Abilities, Weirdness & Mutations

You are too large for most types of armour.
You have claws for hands.
Your natural rate of healing is unusually fast.
You are covered in fur. (AC +1)
You have tough skin. (AC +1)


Message History

No target in view!
No target in view!
Things that are here:
a +0 whip; 5 stones; a rat corpse
d - a viscous grey potion A goblin comes into view.
It is wielding a +0 club.
The goblin shouts!
The goblin barely misses you.
You miss the goblin. The goblin hits you but does no damage.
You closely miss the goblin. The goblin closely misses you.
You scratch the goblin.
The goblin is severely wounded.
The goblin hits you with a +0 club.
You scratch the goblin.
You kill the goblin!
No target in view!
HP restored.
A rat comes into view.
Found a robe.
Found a stone staircase leading down.
The rat bites you.
You barely miss the rat. The rat bites you but does no damage.
You claw the rat!
You kill the rat!
You have reached level 2!
You pick up Great Wizards, Vol.
VII and begin reading...
You add the spells Tukima's Dance, Passage of Golubria and Yara's Violent Unravelling to your library.
Found 5 stones.
e - a scroll labelled SUEVAD NEMNECW You now have 14 gold pieces (gained 2).
f - a viscous ruby potion
(D) Dungeon
Where to? (? - help)
Okay, then.
Things that are here:
a +0 whip; 5 stones; a rat corpse
There is an open door here.
There is a staircase leading out of the dungeon here.
Are you sure you want to leave the Dungeon?
This will make you lose the game!
You have escaped!

######....##.....#
#######'#####
##PP#.#PP##
##P~~#.#P.P##
##P~~~#.#PPPP##
#P~~~~#.#....P#
#P~~~~#.#...PP#
#######.#######
+......@......+
#######.#######
#P....#.#~~~~P#
#P.P..#.#~~~~P#
##P...#.#~~~P##
##PPP#.#~~P##
##PP#.#PP##
####+####


There were no monsters in sight!

Vanquished Creatures
  A dart slug (D:1)
  A bat (D:1)
  A goblin (D:1)
  A kobold (D:1)
  2 rats (D:1)
6 creatures vanquished.

Notes
Turn   | Place    | Note
-------+----------+-------------------------------------------
     0 | D:1      | nickcage the Troll Warper began the quest for the Orb.
     0 | D:1      | Reached XP level 1. HP: 19/19 MP: 1/1
   167 | D:1      | Reached XP level 2. HP: 27/27 MP: 2/2
   312 | D:$      | Got out of the dungeon alive.

Illustrated notes

Levels and vault maps discovered:
D:1:      psy_arrival_terrarium, layout_loops_ring, minmay_pentomino_r4

Action                   || total
-------------------------++-------
Melee: Unarmed           ||    13
Armor: Robe              ||     3
Dodge: Dodged            ||     7
